 Dungeon Crawl Stone Soup version 0.24.0-1-gfbc8707122 (webtiles) character file.

Game seed: 7279657917606809087, levelgen mode: deterministic

30 Amplified the Ducker (level 3, 0/27 HPs)
             Began as a Merfolk Artificer on Oct 26, 2019.
             Was an Initiate of Okawaru.
             Killed by divine providence
             ... invoked by an orc priest
              (14 damage)
             ... on level 2 of the Dungeon.
             The game lasted 00:02:14 (1078 turns).

Amplified the Ducker (Merfolk Artificer)            Turns: 1078, Time: 00:02:14

Health: 0/27       AC:  7    Str: 12    XL:     3   Next: 18%
Magic:  5/5        EV: 17    Int: 10    God:    Okawaru [......]
Gold:   151        SH:  0    Dex: 20    Spells: 2/2 levels left

rFire    . . .     SeeInvis .   b - +0 spear
rCold    . . .     Gourm    .   (no shield)
rNeg     . . .     Faith    .   i - +2 ring mail {MR+}
rPois    .         Spirit   .   (no helmet)
rElec    .         Reflect  .   (no cloak)
rCorr    .         Harm     .   (no gloves)
MR       +....                  (no boots)
Stlth    ++........             (no amulet)
HPRegen  0.09/turn              (no ring)
MPRegen  0.09/turn              (no ring)

@: agile, very slightly contaminated
A: change form in water, swift swim, stealthy swim
a: Renounce Religion


You were on level 2 of the Dungeon.
You worshipped Okawaru.
Okawaru was noncommittal.
You were not hungry.

You visited 1 branch of the dungeon, and saw 2 of its levels.

You collected 151 gold pieces.

Inventory:

Hand Weapons
 a - a +0 short sword
 b - a +0 spear (weapon)
Missiles
 n - 14 poisoned darts (quivered)
Armour
 h - a +0 leather armour of poison resistance
 i - a +2 ring mail of magic resistance (worn)
Wands
 c - a wand of flame (11)
 d - a wand of enslavement (15)
 e - a wand of random effects (12)
Scrolls
 k - 6 scrolls of teleportation
 l - 2 scrolls of enchant weapon
Comestibles
 f - 5 rations
 g - 6 chunks of flesh


   Skills:
 * Level 2.0 Fighting
 - Level 1.5 Short Blades
 * Level 1.5 Polearms
 * Level 3.4 Dodging
 - Level 1.1 Stealth
 * Level 0.6 Invocations
 - Level 3.0 Evocations


You had 2 spell levels left.
You didn't know any spells.
Your spell library was empty.

Dungeon Overview and Level Annotations

Branches:
Dungeon (2/15)

Altars:
Cheibriados
Hepliaklqana
Okawaru
Qazlal


Message History

Aim: an orc priest, wielding a +0 club (moderately wounded)
You reach to attack!
You hit the orc priest but do no damage.
The orc priest is moderately wounded.
Attack whom?
Press: ? - help, Dir - move target cursor, f/p - orc priest
Aim: an orc priest, wielding a +0 club (lightly wounded)
Something you can't see is in the way.
You hit something.
You hear some strange, mumbled words.
A puff of flame appears from out of thin air!
The puff of flame misses you.
Evoke which item? (* to show all) (? for menu, Esc to quit)
Aiming: Random Effects
Press: ? - help, Shift-Dir - straight line, f/p - orc priest
Aim: an orc priest, wielding a +0 club (lightly wounded) Nothing appears to happen.
The orc priest invokes the aid of Beogh against you.
Beogh smites you!
Ouch! That really hurt!
You die...

.## #.# ..#
#.##.....##
..##.#
#.#.......#
...#.#
#.#.≈...≈.#
...#.#
#.#{......#
...#.#
#.#.......#
.....#
#.#.......#
..#..#
#@#oo...≈.#
..#..######
#.#.......#.#
....>.....#
#oo.........#
..........#
#####...#####
.)........#
#.###
..........#
#.#
..........#
##.#
..........#
#..#
..........#
#.##


You could see 2 orc priests.

Vanquished Creatures
  2 leopard geckos
  3 orcs (D:2)
  5 bats
  A giant cockroach (D:1)
  4 goblins
  2 hobgoblins (D:1)
  2 kobolds
  A ball python (D:1)
  A frilled lizard (D:1)
  4 rats (D:1)
25 creatures vanquished.

Notes
Turn   | Place    | Note
-------+----------+-------------------------------------------
     0 | D:1      | Amplified the Merfolk Artificer began the quest for the
                  | Orb.
     0 | D:1      | Reached XP level 1. HP: 15/15 MP: 3/3
   239 | D:1      | Reached XP level 2. HP: 11/21 MP: 4/4
   508 | D:1      | Found an iron altar of Okawaru.
   524 | D:1      | Became a worshipper of Warmaster Okawaru
   566 | D:1      | Reached skill level 1 in Polearms
   841 | D:2      | Found a hazy altar of Hepliaklqana.
   924 | D:2      | Found a snail-covered altar of Cheibriados.
   943 | D:2      | Found a stormy altar of Qazlal.
   993 | D:2      | Reached XP level 3. HP: 27/27 MP: 5/5
  1078 | D:2      | Killed from afar by an orc priest

Levels and vault maps discovered:
D:1:      saegor_arrival_simple_c, layout_rooms, okawaru_ov_weapons_minmay
D:2:      cheibrodos_pilgrimage, layout_basic, lemuel_crystal_altar,
          nicolae_overflow_hidden_temple, first_ration, cheibriados_altar_1,
          uniq_natasha, uniq_sigmund

Skill      XL: |  1  2  3 |
---------------+----------+-----
Dodging        | 3 |  3.4
Polearms       | 1 |  1.5
Fighting       | 2 |  2.0
Short Blades   | |  1.5
Stealth        | |  1.1
Invocations    | |  0.6
Evocations     | |  3.0

Action                   || total
-------------------------++-------
Melee: Short sword       ||    16
       Spear             ||    86
Evoke: Wand              ||     7
  Use: Scroll            ||     3
       Potion            ||     2
 Stab: Sleeping          ||     1
       Invisible         ||     4
  Eat: Chunk             ||     1
Armor: Leather armour    ||     8
       Ring mail         ||    17
Dodge: Dodged            ||    63
